 Dungeon Crawl Stone Soup version 0.24.0-37-gcf1ca852f1 (webtiles) character file.

Game seed: 9620012282517547333, levelgen mode: deterministic

495 Delamore the Cleaver (level 7, -5/57 HPs)
             Began as a Hill Orc Fighter on Nov 25, 2019.
             Killed by divine providence
             ... invoked by an orc priest
              (13 damage)
             ... on level 4 of the Dungeon.
             The game lasted 00:04:37 (4910 turns).

Delamore the Cleaver (Hill Orc Fighter)             Turns: 4910, Time: 00:04:38

Health: -5/57      AC:  9    Str: 21    XL:     7   Next: 15%
Magic:  7/7        EV: 10    Int:  8    God:
Gold:   164        SH:  9    Dex: 10    Spells: 6/6 levels left

rFire    . . .     SeeInvis .   a - +0 war axe
rCold    . . .     Gourm    .   c - +0 shield
rNeg     . . .     Faith    .   b - +0 scale mail
rPois    .         Spirit   .   (no helmet)
rElec    .         Reflect  .   (no cloak)
rCorr    .         Harm     .   j - +1 pair of gloves
MR       .....                  (no boots)
Stlth    ..........             (no amulet)
HPRegen  0.19/turn              l - +3 ring of evasion
MPRegen  0.10/turn              t - ring of attention (curse)

@: no status effects
A: no striking features
a: Convert to Beogh


You were on level 4 of the Dungeon.
You were not hungry.

You visited 1 branch of the dungeon, and saw 4 of its levels.

You collected 164 gold pieces.

Inventory:

Hand Weapons
 a - a +0 war axe (weapon)
Armour
 b - a +0 scale mail (worn)
 c - a +0 shield (worn)
 j - a +1 pair of gloves (worn)
Jewellery
 l - a +3 ring of evasion (left hand)
 t - a cursed ring of attention (right hand)
Scrolls
 g - 5 scrolls of identify {unknown}
 k - a scroll of enchant armour {unknown}
 n - a scroll of fear {unknown}
 r - a scroll of magic mapping {unknown}
 s - a scroll of fog {unknown}
 v - 2 scrolls of teleportation {unknown}
 x - a scroll of remove curse {unknown}
Potions
 d - 3 potions of might
 e - a potion of resistance {unknown}
 h - a potion of ambrosia {unknown}
 i - a potion of lignification {unknown}
 m - a potion of flight {unknown}
 o - 2 potions of cancellation {unknown}
 p - 2 potions of haste {unknown}
 q - 2 potions of curing {unknown}
 u - a potion of agility {unknown}
 w - a potion of invisibility {unknown}
Comestibles
 f - 9 rations
 z - 2 chunks of flesh


   Skills:
 - Level 3.6 Fighting
 + Level 9.9 Axes
 - Level 3.2 Armour
 - Level 3.2 Shields


You had 6 spell levels left.
You didn't know any spells.
Your spell library was empty.

Dungeon Overview and Level Annotations

Branches:
Dungeon (4/15)
 Temple: D:4-7

Altars:
Nemelex Xobeh
Beogh

Annotations:
D:4 fritzmikael's ghost, amateur GnWn


Message History

You closely miss the orc priest.
The orc priest is severely wounded.
You slash the orc!
You kill the orc!
The orc priest hits you but does no damage.
The orc priest calls down the wrath of Beogh upon you.
Pain shoots through your body!
Your shield and scale mail prevent you from hitting the orc priest.
The orc priest is severely wounded.
Your shield prevents you from hitting fritzmikael's ghost.
Fritzmikael's ghost points at you and mumbles some strange words.
The magic dart hits you.
The orc warrior hits you from afar with a +8 trident!!
* * * LOW HITPOINT WARNING * * *
The orc priest hits you but does no damage.
Press: ? - help, v - describe, . - travel A translucent stone wall.
The orc priest mumbles some strange prayers to Beogh against you.
Beogh smites you!
You die...

.................#.....8
........##+#.....#..##..#
.#......#..#.....#..#8..# ##
.#......#..#.....#..##..# #.
.#......+..'.....#.#....# #.
.#......####.....'.#...[# #.
.########.)#.....'.#.8._# #.
...'....#..#....)Wo#...[ #.
...#....#..#####@#o#.o..########.
...#....#...#..).#..##..#.......#
...#....#...#....#..#8..#........
...#....#..##'##.#..##..#.....#..
#####'####'#.....#.....8#.....###
...#............8#############...
...#.....................#...#...
...#.............####....#...#...
####.......<.....#..#>...'...#[..


You could see an orc warrior, an orc priest and fritzmikael's ghost.

Vanquished Creatures
  Eustachio (D:4)
  A wyvern zombie (D:4)
  A howler monkey (D:4)
  An orc priest (D:3)
  A centaur skeleton (D:4)
  Natasha (twice) (D:4)
  5 adders (D:2)
  An ooze (D:2)
  An adder skeleton (D:4)
  2 worms
  5 dart slugs
  A leopard gecko (D:4)
  12 orcs
  A ball python (D:1)
  3 giant cockroaches
  5 goblins
  8 hobgoblins
  3 jackals (D:1)
  11 kobolds
  11 bats
  3 frilled lizards
  7 rats
86 creatures vanquished.

Notes
Turn   | Place    | Note
-------+----------+-------------------------------------------
     0 | D:1      | Delamore the Hill Orc Fighter began the quest for the Orb.
     0 | D:1      | Reached XP level 1. HP: 19/19 MP: 1/1
    20 | D:1      | Reached skill level 3 in Axes
   238 | D:1      | Reached XP level 2. HP: 26/26 MP: 2/2
   287 | D:1      | Reached skill level 4 in Axes
   638 | D:1      | Reached XP level 3. HP: 26/31 MP: 3/3
  1167 | D:2      | Reached skill level 5 in Axes
  1186 | D:2      | You fall into a shaft and drop 1 floor!
  1196 | D:3      | HP: 1/31 [orc priest/divine providence (14)]
  1198 | D:3      | Reached XP level 4. HP: 1/39 MP: 4/4
  1548 | D:2      | Reached skill level 6 in Axes
  2063 | D:2      | Reached XP level 5. HP: 40/45 MP: 5/5
  2343 | D:2      | Reached skill level 7 in Axes
  3398 | D:4      | Noticed Eustachio
  3697 | D:4      | Killed Eustachio
  3697 | D:4      | Reached skill level 8 in Axes
  3697 | D:4      | Reached XP level 6. HP: 33/51 MP: 6/6
  3967 | D:4      | Reached skill level 9 in Axes
  4447 | D:4      | Noticed Natasha
  4457 | D:4      | Killed Natasha
  4457 | D:4      | Reached XP level 7. HP: 40/57 MP: 7/7
  4563 | D:4      | Found a runed translucent gate.
  4563 | D:4      | Noticed fritzmikael's ghost (amateur GnWn)
  4564 | D:4      | Found a runed translucent gate.
  4565 | D:4      | Found a roughly hewn altar of Beogh.
  4565 | D:4      | Found a runed translucent gate.
  4565 | D:4      | Identified the +6 hunting sling of Beogh's Brutal Revenge
                  | {freeze, rElec}
  4631 | D:4      | Noticed Natasha
  4633 | D:4      | Killed Natasha
  4714 | D:4      | Found a sparkling altar of Nemelex Xobeh.
  4910 | D:4      | Killed from afar by an orc priest

Levels and vault maps discovered:
D:1:      saegor_arrival_simple_a, layout_basic
D:2:      layout_loops_cross
D:3:      layout_loops_corners
D:4:      layout_gridville, kennysheep_little_box, first_ration,
          biasface_ghost_orc_armoury, uniq_natasha, uniq_eustachio

Skill      XL: |  1  2  3  4  5  6 |
---------------+-------------------+-----
Axes           | 3 4 5 6 8 9 |  9.9
Fighting       | |  3.6
Armour         | |  3.2
Shields        | |  3.2

Action                   |  1- 3 |  4- 6 |  7- 9 || total
-------------------------+-------+-------+-------++-------
Melee: War axe           |   125 |   224 |    23 ||   372
  Eat: Chunk             |     1 |    10 |     2 ||    13
Armor: Scale mail        |    65 |   120 |     9 ||   194
Dodge: Dodged            |    33 |   102 |     9 ||   144
Block: Shield            |    82 |   137 |    10 ||   229
